 Dungeon Crawl Stone Soup version 0.24-a0-416-g56ce5178b7 (webtiles) character file.

Game seed: 17046916784638344946

1334 Azzok the Blocker (level 8, -1/58 HPs)
             Began as a Formicid Fighter on June 9, 2019.
             Slain by an ogre
             ... wielding a +0 giant club
              (14 damage)
             ... on level 6 of the Dungeon.
             The game lasted 00:08:55 (5843 turns).

Azzok the Blocker (Formicid Fighter)                Turns: 5843, Time: 00:08:55

Health: -1/58      AC: 11    Str: 22    XL:     8   Next: 92%
Magic:  8/8        EV:  6    Int:  9    God:
Gold:   361        SH: 11    Dex: 10    Spells: 7/7 levels left

rFire    + . .     SeeInvis +   b - +0 war axe
rCold    . . .     Gourm    .   c - +0 shield
rNeg     . . .     Faith    .   w - +0 plate armour
rPois    .         Spirit   .   (helmet unavailable)
rElec    .         Reflect  .   (no cloak)
rCorr    .         Harm     .   (no gloves)
MR       .....                  (no boots)
Stlth    ..........             (no amulet)
HPRegen  0.19/turn              l - ring of protection from fire
MPRegen  0.11/turn              (no ring)

@: no status effects
A: permanent stasis, dig shafts and tunnels, four strong arms, antennae 3
a: Dig, Shaft Self


You were on level 6 of the Dungeon.
You were not hungry.

You visited 1 branch of the dungeon, and saw 6 of its levels.

You collected 361 gold pieces.

Inventory:

Hand Weapons
 a - a +2 dagger of draining
 b - a +0 war axe (weapon)
Armour
 c - a +0 shield (worn)
 o - +0 fire dragon scales
 w - a +0 plate armour (worn)
Jewellery
 l - a ring of protection from fire (left hand)
Wands
 t - a wand of flame (12)
Scrolls
 e - 3 scrolls of amnesia {unknown}
 j - a scroll of magic mapping {unknown}
 k - 4 scrolls of identify {unknown}
 n - 3 scrolls of fear {unknown}
 p - a scroll of remove curse {unknown}
 q - a scroll of enchant armour {unknown}
 r - 2 scrolls of teleportation {unknown}
 s - a scroll of random uselessness {unknown}
 u - a scroll of immolation {unknown}
Potions
 d - a potion of might
 g - 5 potions of curing {unknown}
 h - 2 potions of mutation {unknown}
 i - a potion of agility {unknown}
 v - a potion of degeneration {unknown}
 x - a potion of magic {unknown}
Comestibles
 f - 13 rations
 m - 5 chunks of flesh


   Skills:
 - Level 3.2 Fighting
 + Level 7.5 Axes
 + Level 4.0 Armour
 - Level 9.0 Shields


You had 7 spell levels left.
You didn't know any spells.
Your spell library contained the following spells:

 Spells                   Type           Power        Failure   Level  Hunger
 Animate Skeleton         Necr           N/A          100%        1    ##.....
 Apportation              Tloc           #.....       100%        1    ##.....
 Confusing Touch          Hex            #.....       100%        1    ##.....
 Summon Small Mammal      Summ           #...         100%        1    ##.....


Dungeon Overview and Level Annotations

Branches:
Dungeon (6/15)
 Temple: D:4-7

Altars:
Fedhas
Hepliaklqana
Qazlal
Ru
Uskayaw
Vehumet
The Shining One


Innate Abilities, Weirdness & Mutations

You cannot be hasted, slowed, berserked, paralysed or teleported.
You can dig through walls and to a lower floor.
Your four strong arms can wield two-handed weapons with a shield.
You have a pair of large antennae on your head. (SInv)


Message History

You miss the leopard gecko. You slash the bullfrog skeleton!
You block the bullfrog skeleton's attack.
The ogre hits you with a +0 giant club! You block the leopard gecko's attack.
The bullfrog skeleton hits you but does no damage.
You barely miss the ogre.
The ogre is moderately wounded.
You hit the leopard gecko but do no damage.
You hit the bullfrog skeleton.
You destroy the bullfrog skeleton!
Your Armour skill increases to level 4!
You block the leopard gecko's attack.
The ogre hits you with a +0 giant club!!
* * * LOW HITPOINT WARNING * * *
The leopard gecko bites you but does no damage.
The leopard gecko bites you but does no damage.
You block the leopard gecko's attack.
The leopard gecko bites you but does no damage.
There is a stone staircase leading up here.
The ogre hits you with a +0 giant club!
You die...

·▒··· ·····▒▒▒·▒▒ ············▒··
········▒▒·▒ ▒·▒▒▒ ▒·············
▒····· ▒·▒ ▒···▒ ▒▒·········o··
·▒···· ▒▒▒·▒▒▒···▒▒▒·o·····▒▒··▒▒
·▒·▒··▒▒···▒·▒▒··▒▒········▒▒···▒
········)········▒·o·······▒···▒▒
▒·····▒············oo········▒▒▒
······▒··········O··o······▒▒▒
················@l·········▒
····▒▒·▒····▒·············▒▒
▒······▒▒···▒▒············▒
▒·······▒············▒··▒▒▒
▒····················▒·▒▒
▒▒▒▒▒▒···▒···········▒▒▒
▒▒▒·▒▒·········▒▒ ▒▒▒▒▒▒▒······▒▒
▒·······▒


You could see an ogre, an orc wizard (invisible), 4 orcs and a leopard gecko.

Vanquished Creatures
  Grinder (D:5)
  An ogre (D:3)
  A centaur (D:5)
  2 scorpions
  A centaur zombie (D:5)
  6 crimson imps
  A hound (D:3)
  A bullfrog skeleton (D:6)
  4 orc priests
  5 orc wizards
  An iguana (D:5)
  A worker ant (D:3)
  A hound skeleton (D:5)
  5 gnolls
  8 adders
  A shadow imp (D:5)
  An ooze (D:2)
  2 adder skeletons
  2 worms (D:4)
  3 leopard geckos
  23 orcs
  7 giant cockroaches
  12 goblins
  7 hobgoblins
  9 jackals
  2 quokkas
  3 ball pythons
  8 bats
  4 frilled lizards
  4 kobolds
  A leopard gecko skeleton (D:6)
  12 rats
140 creatures vanquished.

Notes
Turn   | Place    | Note
-------+----------+-------------------------------------------
     0 | D:1      | Azzok the Formicid Fighter began the quest for the Orb.
     0 | D:1      | Reached XP level 1. HP: 18/18 MP: 1/1
   131 | D:1      | Reached XP level 2. HP: 19/24 MP: 2/2
   250 | D:1      | Reached skill level 4 in Shields
   295 | D:1      | Reached XP level 3. HP: 20/29 MP: 3/3
   807 | D:2      | Reached XP level 4. HP: 35/35 MP: 4/4
   880 | D:2      | Found a faded altar of an unknown god.
  1085 | D:2      | Found a radiant altar of Vehumet.
  1261 | D:2      | Reached skill level 5 in Shields
  1499 | D:2      | Reached XP level 5. HP: 25/41 MP: 5/5
  1888 | D:2      | Found a stormy altar of Qazlal.
  1986 | D:3      | Found a sacrificial altar of Ru.
  2467 | D:3      | Found a hide-covered altar of Uskayaw.
  2568 | D:3      | Found a hazy altar of Hepliaklqana.
  3020 | D:4      | Reached XP level 6. HP: 33/47 MP: 6/6
  3128 | D:4      | Reached skill level 6 in Shields
  3318 | D:4      | Found a blossoming altar of Fedhas.
  3323 | D:4      | Found a stormy altar of Qazlal.
  3630 | D:4      | Found a glowing golden altar of the Shining One.
  3753 | D:4      | Noticed an ogre
  3773 | D:3      | Reached skill level 5 in Axes
  3792 | D:3      | Reached XP level 7. HP: 40/52 MP: 7/7
  3801 | D:3      | Reached skill level 7 in Shields
  4339 | D:5      | Entered Level 5 of the Dungeon
  4621 | D:5      | Noticed Grinder
  4658 | D:5      | Killed Grinder
  4658 | D:5      | Reached skill level 8 in Shields
  4658 | D:5      | Reached XP level 8. HP: 38/58 MP: 8/8
  4784 | D:5      | Found a blossoming altar of Fedhas.
  5545 | D:6      | Reached skill level 9 in Shields
  5843 | D:6      | Slain by an ogre

Levels and vault maps discovered:
D:1:      dpeg_arrival_pits, layout_basic
D:2:      minmay_razor_zed, layout_rooms, nicolae_overflow_hidden_temple,
          first_ration, chequers_ecumenical_altar_twisty, grunt_qazlal_clouds
D:3:      layout_basic, nicolae_overflow_crystal_walls,
          eat_drink_and_be_merry_uskayaw, nicolae_ru_sacrificial_ziggurat,
          chequers_mini_garden
D:4:      kennysheep_big_flooded_room, layout_gridville,
          grunt_temple_overflow_forces_of_nature, tso_metal_star
D:5:      layout_rooms, fedhas_bush_and_centaur_altar, uniq_grinder
D:6:      layout_cave_pools, lightli_temple_of_fire, marbit_many_paths,
          basic_altar

Skill      XL: |  1  2  3  4  5  6  7  8 |
---------------+-------------------------+-----
Shields        | 4 5 6 8 9 |  9.0
Axes           | 3 4 5 6 7 |  7.5
Armour         | 4 |  4.0
Fighting       | |  3.2

Action                   |  1- 3 |  4- 6 |  7- 9 || total
-------------------------+-------+-------+-------++-------
Melee: War axe           |    76 |   152 |   171 ||   399
       Mace              |       |    98 |     9 ||   107
       Dagger            |       |       |    10 ||    10
  Eat: Chunk             |       |    10 |     7 ||    17
Armor: Scale mail        |    46 |    34 |       ||    80
       Chain mail        |       |    65 |    44 ||   109
       Plate armour      |       |       |    32 ||    32
Dodge: Dodged            |    34 |    76 |    53 ||   163
Block: Shield            |    45 |   133 |   126 ||   304

Table legend:
 A = Non-vault XP
 B = Vault XP
 C = Vault XP percentage of total XP
 D = Non-vault monster count
 E = Vault monster count
 F = Vault count percentage of total count
                 A         B        C        D         E       F
            +---------+---------+-------+---------+---------+-------
      Total |    1353 |     554 |  29.1 |     127 |      13 |   9.3
            +---------+---------+-------+---------+---------+-------
        D:1 |      40 |       0 |   0.0 |      19 |       0 |   0.0
        D:2 |      67 |      51 |  43.2 |      18 |       9 |  33.3
        D:3 |     166 |     121 |  42.2 |      27 |       1 |   3.6
        D:4 |     301 |       5 |   1.6 |      25 |       1 |   3.8
        D:5 |     555 |     377 |  40.5 |      29 |       2 |   6.5
        D:6 |     224 |       0 |   0.0 |       9 |       0 |   0.0
            +---------+---------+-------+---------+---------+-------
